 Dungeon Crawl Stone Soup version 0.30-a0-782-ge64f9170bb (webtiles) character file.

Game seed: 7846186178748386754

4 theswoord the Shooter (level 1, 12/12 HPs)
             Began as a Deep Elf Hunter on Feb 23, 2023.
             Was an Initiate of Gozag.
             Got out of the dungeon alive.
             The game lasted 00:00:30 (208 turns).

theswoord the Shooter (Deep Elf Hunter)              Turns: 208, Time: 00:00:30

Health: 12/12      AC:  3    Str:  8    XL:     1   Next: 58%
Magic:  3/3        EV: 12    Int: 13    God:    Gozag
Gold:   23         SH:  0    Dex: 18    Spells: 0/0 levels left

rFire   . . .      SeeInvis .    a - +0 shortbow
rCold   . . .      Faith    .    (shield currently unavailable)
rNeg    . . .      Spirit   .    c - +0 leather armour
rPois   .          Reflect  .    (no helmet)
rElec   .          Harm     .    (no cloak)
rCorr   .          Rampage  .    (no gloves)
Will    .....                    (no boots)
Stlth   ++                       (no amulet)
HPRegen 0.22/turn                (no ring)
MPRegen 0.08/turn                (no ring)

@: no status effects
A: no striking features
a: Renounce Religion, Potion Petition, Call Merchant, Bribe Branch


You escaped.
You worshipped Gozag.
Gozag was noncommittal.
You visited 1 branch of the dungeon, and saw 1 of its levels.

You collected 23 gold pieces.

Inventory:

Hand Weapons
 a - a +0 shortbow (weapon)
Armour
 c - a +0 leather armour (worn)
Scrolls
 b - a scroll of immolation


   Skills:
 - Level 1.5 Fighting
 + Level 5.7 Ranged Weapons
 - Level 2.4 Dodging
 - Level 1.2 Stealth


You couldn't memorise any spells.
You didn't know any spells.
Your spell library contained the following spells:

 Spells                   Type           Power      Damage    Failure   Level
 Portal Projectile        Hex/Tloc       0%         N/A       80%         3
 Tukima's Dance           Hex            0%         N/A       80%         3
 Blade Hands              Tmut           0%         N/A       100%        5


Dungeon Overview and Level Annotations

Branches:
Dungeon (1/15)

Altars:
Gozag


Message History

You shoot an arrow. The arrow hits the frilled lizard.
You kill the frilled lizard!
No target in view!
No target in view!
Found a book of Weapons.
A kobold comes into view.
It is wielding a +1 dagger of protection.
You shoot an arrow.
The arrow hits the kobold but does no damage.
The kobold shouts!
You shoot an arrow. The arrow closely misses the kobold.
You shoot an arrow. The arrow closely misses the kobold.
The kobold hits you with a +1 dagger of protection.
You shoot an arrow. The arrow hits the kobold.
You kill the kobold!
No target in view!
You open the door.
There is an open door here.
You see here a book of Weapons.
You pick up a book of Weapons and begin reading...
You add the spells Tukima's Dance, Portal Projectile and Blade Hands to your library.
There is an open door here.
You see here a +1 dagger of protection.
Found a faded altar of an unknown god.
No target in view!
No target in view!
Found a scroll labelled ROZ EFEZ VEMAU and a scroll labelled XUROAQO CIUMN.
Found 4 stones.
You now have 23 gold pieces (gained 13).
There is a faded altar of an unknown god here.
This altar belongs to (a) Jiyva, (b) Ru or (c) Gozag, but you can't tell which.
Press the corresponding letter to learn more about a god, or press enter to convert or escape to cancel.
Gozag accepts your prayer! Gozag welcomes you!
Gozag waives the service fee.
You see here a +1 dagger of protection.
There is an open door here.
You open the door.
There is an open door here.
There is a staircase leading out of the dungeon here.
Are you sure you want to leave the Dungeon?
This will make you lose the game!
You have escaped!

#.# #.#
##.####
##.....###
#........#
####.+++'++.##
#....+....+..#
#.##.+....+..#
#.##.+..@.'..#
#.#..+....+..#
#....++++++.##
####........#
##########


There were no monsters in sight!

Vanquished Creatures
  An endoplasm (D:1)
  A kobold (D:1)
  2 frilled lizards (D:1)
  A rat (D:1)
5 creatures vanquished.

Notes
Turn   | Place    | Note
-------+----------+-------------------------------------------
     0 | D:1      | theswoord the Deep Elf Hunter began the quest for the Orb.
     0 | D:1      | Reached XP level 1. HP: 12/12 MP: 3/3
   136 | D:1      | Found a faded altar of an unknown god.
   145 | D:1      | Prayed at the altar of an unknown god.
   145 | D:1      | Became a worshipper of Gozag Ym Sagoz the Greedy
   208 | D:$      | Got out of the dungeon alive.

Action                     || total
---------------------------++-------
   Fire: Shortbow          ||    11
    Use: Scroll            ||     1
 Armour: Leather armour    ||     2

Levels and vault maps discovered:
D:1:      lightli_arrival_maybe_door_vault, layout_basic,
          chequers_ecumenical_altar_simple_redux, serial_shops, shop_fountains
